 Dungeon Crawl Stone Soup version 0.15.0-13-gb296d5c (webtiles) character file.

111846 Telfir the Sorcerer (level 16, -7/81 HPs)
             Began as a Deep Elf Conjurer on Sept 3, 2014.
             Was the Champion of Vehumet.
             Killed from afar by a rakshasa (illusionary) (9 damage)
             ... with an orb of energy
             ... on Level 1 of the Depths.
             The game lasted 02:28:15 (41206 turns).

Telfir the Sorcerer (Deep Elf Conjurer)            Turns: 41206, Time: 02:28:15

HP  -7/81        AC 10     Str  5      XL: 16   Next: 10%
MP  18/51        EV 17     Int 31      God: Vehumet [******]
Gold 2188        SH  0     Dex 20      Spells:  8 memorised, 30 levels left

rFire  . . .     SeeInvis .     a - staff of cold
rCold  + + +     Clarity  .     m - +2 robe {rC+}
rNeg   + . .     rCorr    .     (no shield)
rPois  .         rRot     .     u - +1 hat {Int+3}
rElec  .         Spirit   .     s - +0 cloak {MR+}
SustAb .         Warding  +     E - +2 pair of gloves {Dex+3}
rMut   .         Stasis   .     r - +0 pair of boots
Gourm  .                        l - amulet of warding
MR     ++...                    c - ring of magical power
                                Q - ring of protection from cold

@: drained, very resistant to hostile enchantments, fairly stealthy
A: agile 1, mutation resistance 1
a: Renounce Religion


You were on level 1 of the Depths.
You worshipped Vehumet.
Vehumet was exalted by your worship.
You were not hungry.

You visited 6 branches of the dungeon, and saw 30 of its levels.

You collected 2748 gold pieces.
You spent 560 gold pieces at shops.

Inventory:

Armour
 m - a +2 robe of cold resistance (worn)
 r - a +0 pair of boots (worn)
 s - a +0 cloak of magic resistance (worn)
 u - a +1 hat of intelligence (worn)
 E - a +2 pair of gloves of dexterity (worn)
Magical devices
 o - a wand of digging (7)
 v - a wand of digging (15)
 G - a wand of teleportation (4)
Comestibles
 b - 10 bread rations
 d - 3 beef jerkies
 n - 6 chunks of frost giant flesh
 q - 12 meat rations
 L - 8 slices of pizza
Scrolls
 e - 2 scrolls of fear
 f - 2 scrolls of brand weapon
 j - 6 scrolls of identify
 p - 4 scrolls of magic mapping
 t - 2 scrolls of summoning
 w - a scroll of teleportation
 F - 2 scrolls of fog
 J - 2 scrolls of blinking
 M - 3 scrolls of vulnerability
 T - 8 scrolls of remove curse
 Z - 3 scrolls of enchant armour
Jewellery
 c - a ring of magical power (right hand)
 h - an uncursed ring of teleportation
 l - an amulet of warding (around neck)
 z - an uncursed ring of protection from magic
 D - an uncursed ring of flight
 H - the ring of the Five Souls {MR+ Stlth-}
   (You found it on level 7 of the Dungeon)

   [ring of loudness]

   It affects your resistance to hostile enchantments.
   It makes you less stealthy.
 Q - a ring of protection from cold (left hand)
 R - an uncursed ring of teleport control
Potions
 g - a potion of haste
 i - a potion of resistance
 k - 16 potions of curing
 x - a potion of brilliance
 C - 3 potions of cancellation
 I - 2 potions of restore abilities
 P - a potion of experience
 U - a potion of flight
 V - a potion of cure mutation
 Y - a potion of heal wounds
Books
 y - a book of Unlife

   Spells                             Type                      Level
   Recall                             Summoning/Translocation      3
   Animate Dead                       Necromancy                   4
   Control Undead                     Necromancy                   4
   Twisted Resurrection               Necromancy                   5
   Death Channel                      Necromancy                   6
   Simulacrum                         Ice/Necromancy               6
 N - a book of Minor Magic

   Spells                             Type                      Level
   *Magic Dart                        Conjuration                  1
   *Blink                             Translocation                2
   Call Imp                           Summoning                    2
   Repel Missiles                     Charms/Air                   2
   Slow                               Hexes                        2
   Conjure Flame                      Conjuration/Fire             3
   Mephitic Cloud                     Conjuration/Poison/Air       3
Magical staves
 a - an uncursed staff of cold (weapon)


   Skills:
 * Level 2.5(2.3) Fighting
 + Level 2.0(1.8) Throwing
 * Level 6.1(5.9) Dodging
 + Level 5.6(5.3) Stealth
 - Level 22.8(22.4) Spellcasting
 - Level 19.3(18.9) Conjurations
 + Level 3.3(3.0) Charms
 + Level 3.1(2.9) Translocations
 + Level 3.5(3.3) Ice Magic
 * Level 3.7(3.5) Air Magic
 + Level 6.8(6.5) Earth Magic
 + Level 0.5(0.3) Evocations


You had 30 spell levels left.
You knew the following spells:

 Your Spells              Type           Power        Failure   Level  Hunger
a - Magic Dart            Conj           ####         0%          1    None
b - Iskenderun's Mystic   Conj           ########     0%          4    None
c - Iron Shot             Conj/Erth      #######...   1%          6    None
d - Iskenderun's Battles  Conj/Chrm      #######.     1%          5    None
e - Lee's Rapid Deconstr  Erth           ######....   1%          5    None
f - Freezing Cloud        Conj/Ice/Air   #######...   1%          6    None
A - Apportation           Tloc           ######....   1%          1    None
B - Blink                 Tloc           N/A          1%          2    None


Dungeon Overview and Level Annotations

Branches:
Dungeon (15/15)            Temple (1/1) D:5             Orc (4/4) D:9
    Elf (1/3) Orc:4          Lair (8/8) D:9           Swamp (0/5) Lair:4
  Snake (0/5) Lair:3        Slime (0/6) Lair:6       Vaults (0/5) D:14
 Depths (1/5) D:15

Altars:
Ashenzari
Cheibriados
Elyvilon
Fedhas
Kikubaaqudgha
Makhleb
Nemelex Xobeh
Okawaru
Sif Muna
Trog
Vehumet
Zin
The Shining One
Lugonu

Shops:
D:4 (?   D:5 (   D:6 }:   D:12 ?   Orc:4 *[[(}*}*

Portals:
Hell: Depths:1
Ziggurat: Depths:1

Annotations:
D:2 Natasha


Innate Abilities, Weirdness & Mutations

You are agile. (Dex +2)
You are somewhat resistant to further mutation.


Message History

The deep troll earth mage gestures next to the deep troll while chanting.
Some rock shatters into small pieces.
The deep troll is engulfed in freezing vapours.
The iron troll is engulfed in freezing vapours.
The vampire mage is engulfed in freezing vapours.
The rakshasa is engulfed in freezing vapours. x2
The deep troll shaman is engulfed in freezing vapours.
The deep troll is engulfed in freezing vapours.
The rakshasa is engulfed in freezing vapours.
The vampire mage is engulfed in freezing vapours.
The rakshasa is engulfed in freezing vapours. x2
The deep troll is engulfed in freezing vapours.
The deep troll earth mage is engulfed in freezing vapours.
The deep troll earth mage points next to you and mumbles some strange words.
The wall shatters!
The blast of rock fragments hits you!
* * * LOW HITPOINT WARNING * * *
The deep troll is engulfed in freezing vapours.
The rakshasa gestures at you. The orb of energy hits you!
You die...

........#### ...∩.......#
#. ........##.+ ....
##...##..# ...#.
##...##..# +......
...).....# ##..#.#.#
..#.#...## ####........
###)##### #....#...##.!
....'..# ###...@........
....##.####....#.#.#...#.
....##........RRRV§# .
....########.#§#§#T§§#
....# #..§§§§T§T§§....
....# #.#.#§#T#§T§#.#
....# #....§§§§T§§§..
+#### #######§§ §§§..
#)§.§§..


You could see an iron troll, 2 rakshasas, 3 deep trolls, a vampire mage and a
deep troll earth mage.

Vanquished Creatures
  A frost giant (Depths:1)
  Gastronok (D:10)
  A vampire knight (Depths:1)
  Snorg (Lair:6)
  4 ogre magi (Orc:4)
  2 great orbs of eyes (Depths:1)
  A vault guard (D:14)
  Fannar (Lair:7)
  Harold (D:11)
  5 hydras
  2 rakshasas
  Erica (D:11)
  The ghost of MBison the Cleaver, an experienced HOFi of the Shining One (D:11)
  6 centaur warriors
  21 death yaks
  Urug (D:15)
  4 catoblepae
  A deep elf knight (Orc:4)
  5 skeletal warriors
  4 unseen horrors
  A deep elf summoner (Elf:1)
  A flayed ghost (D:15)
  An ice statue (Depths:1)
  7 hill giants
  An orc knight (Orc:2)
  2 necromancers
  2 ugly things
  3 griffons
  An oklob plant (Lair:1)
  A manticore (D:11)
  2 cyclopes
  A dire elephant zombie (D:15)
  7 black mambas
  A centaur skeleton (D:13)
  3 kobold demonologists
  A molten gargoyle (Lair:4)
  Psyche (D:11)
  14 spiny frogs
  8 elephants
  A dire elephant skeleton (D:15)
  2 fire drakes
  An item mimic (Lair:3)
  A freezing wraith (D:15)
  A guardian mummy (D:15)
  12 komodo dragons
  2 polar bears
  7 blink frogs (Lair:4)
  Sonja (D:13)
  8 trolls
  A hydra skeleton (D:15)
  13 two-headed ogres
  4 slime creatures (D:15)
  3 basilisks
  An ice dragon skeleton (D:15)
  3 shadows
  2 deep elf magi (Elf:1)
  2 wraiths
  3 wyverns
  A hog (D:9)
  3 hungry ghosts
  11 hippogriffs
  75 yaks
  7 humans
  A vampire (D:14)
  2 vampire mosquitoes (D:15)
  2 soldier ants
  5 swamp worms (Lair:4)
  3 nagas (Lair:3)
  2 steam dragons (Lair:3)
  5 wargs
  2 mottled dragons
  4 deep elf fighters (Elf:1)
  A tengu skeleton (D:14)
  13 wolves
  7 porcupines
  A spider (shapeshifter) (D:14)
  3 phantoms
  19 water moccasins
  4 ice beasts
  3 yellow wasps
  5 sky beasts
  A manticore zombie (D:12)
  11 orc warriors
  A fire dragon simulacrum (D:15)
  A necrophage (D:15)
  23 ogres
  22 centaurs
  2 boring beetles
  18 crocodiles
  5 big kobolds
  4 jellies
  28 giant frogs
  A shapeshifter zombie (D:15)
  3 cyclops skeletons
  4 scorpions
  An elf skeleton (D:14)
  A hippogriff zombie (D:13)
  3 eyes of draining
  A yak skeleton (D:6)
  3 killer bees (D:7)
  5 wights (D:15)
  8 crimson imps
  A basilisk zombie (Lair:5)
  4 electric eels
  A quasit (D:11)
  4 iguanas
  29 orc priests
  A giant frog skeleton (D:7)
  An elf zombie (D:8)
  Crazy Yiuf (D:6)
  18 hounds
  26 orc wizards
  9 worker ants
  A killer bee zombie (D:11)
  32 sheep
  2 crocodile zombies
  A brain worm zombie (D:15)
  A hound zombie (D:5)
  Terence (D:3)
  A mummy (D:7)
  10 gnolls
  40 green rats
  27 adders
  7 shadow imps
  2 giant mites
  12 white imps (Lair:6)
  2 worms
  An adder zombie (D:6)
  An adder skeleton (D:4)
  7 giant geckos
  6 oozes
  162 orcs
  A ball python (D:1)
  A bat skeleton (D:7)
  2 giant cockroaches
  17 goblins
  24 hobgoblins
  4 quokkas
  13 bats
  A giant gecko zombie (D:5)
  2 giant newts
  3 giant spores
  8 jackals
  34 kobolds
  3 orc skeletons
  A quokka skeleton (D:7)
  10 rats
  6 ballistomycetes
  2 bushes (Lair:1)
  8 plants
1066 creatures vanquished.

Vanquished Creatures (others)
  A human (Lair:7)
  A giant frog (D:9)
  4 fungi
  3 plants
9 creatures vanquished.

Grand Total: 1075 creatures vanquished

Notes
Turn   | Place    | Note
--------------------------------------------------------------
     0 | D:1      | Telfir, the Deep Elf Conjurer, began the quest for the Orb.
     0 | D:1      | Reached XP level 1. HP: 10/10 MP: 5/5
   163 | D:1      | Reached XP level 2. HP: 15/15 MP: 4/8
   242 | D:1      | Found a shattered altar of Ashenzari.
   478 | D:1      | Reached skill level 5 in Conjurations
  1122 | D:2      | Reached XP level 3. HP: 19/19 MP: 6/11
  1825 | D:3      | Noticed Natasha
  2060 | D:2      | Reached XP level 4. HP: 7/24 MP: 7/14
  2066 | D:2      | Learned a level 4 spell: Iskenderun's Mystic Blast
  2622 | D:3      | Reached XP level 5. HP: 26/28 MP: 6/18
  2624 | D:3      | Reached skill level 6 in Conjurations
  2667 | D:3      | Learned a level 2 spell: Blink
  2794 | D:3      | Found a white marble altar of Elyvilon.
  2808 | D:3      | Noticed Terence
  2813 | D:3      | Killed Terence
  3426 | D:4      | Reached skill level 5 in Spellcasting
  4247 | D:4      | Found Mneucir's Magic Scroll Emporium.
  4252 | D:4      | Bought a scroll of noise for 10 gold pieces
  4252 | D:4      | Bought a scroll of remove curse for 30 gold pieces
  4331 | D:4      | Found a snail-covered altar of Cheibriados.
  4339 | D:4      | Reached XP level 6. HP: 32/32 MP: 14/21
  4343 | D:5      | Entered Level 5 of the Dungeon
  4343 | D:5      | Found Gotaw's Weapon Boutique.
  4844 | D:5      | Found a blossoming altar of Fedhas.
  4848 | D:5      | Reached skill level 7 in Conjurations
  5332 | D:5      | Reached XP level 7. HP: 36/36 MP: 19/24
  5713 | D:5      | Found a staircase to the Ecumenical Temple.
  5723 | Temple   | Entered the Ecumenical Temple
  5751 | Temple   | Became a worshipper of Vehumet
  5810 | D:6      | Found Yrchiopna's Gadget Boutique.
  5934 | D:6      | Found Ehasaix's Book Shop.
  6188 | D:6      | Reached skill level 8 in Conjurations
  6497 | D:6      | Found a deep blue altar of Sif Muna.
  6575 | D:6      | Noticed Crazy Yiuf
  6584 | D:6      | Killed Crazy Yiuf
  6801 | D:7      | Reached XP level 8. HP: 41/41 MP: 9/27
  7089 | D:7      | Acquired Vehumet's first power
  7089 | D:7      | Offered knowledge of Flame Tongue by Vehumet.
  7091 | D:7      | Reached skill level 9 in Spellcasting
  7292 | D:7      | Got a scintillating marble ring
  7293 | D:7      | Identified the ring of the Five Souls {MR+ Stlth-} (You found it on level 7 of the Dungeon)
  8038 | D:7      | Reached skill level 10 in Spellcasting
  8273 | D:8      | Reached skill level 10 in Conjurations
  8412 | D:8      | Reached XP level 9. HP: 45/45 MP: 21/30
  9184 | D:8      | Offered knowledge of Sting by Vehumet.
  9792 | D:8      | Reached skill level 11 in Spellcasting
 10702 | D:9      | Offered knowledge of Throw Frost by Vehumet.
 10736 | D:9      | Found a staircase to the Lair.
 10848 | D:9      | Reached skill level 12 in Spellcasting
 11021 | D:9      | Acquired Vehumet's second power
 11128 | D:9      | Found a staircase to the Orcish Mines.
 11424 | D:9      | Reached XP level 10. HP: 50/50 MP: 26/33
 11562 | D:9      | Found a bloodstained altar of Trog.
 11724 | D:9      | Offered knowledge of Airstrike by Vehumet.
 11872 | Lair:1   | Entered Level 1 of the Lair of Beasts
 12208 | Lair:1   | Noticed an oklob plant
 12212 | Lair:1   | Learned a level 1 spell: Apportation
 12615 | Lair:1   | Reached skill level 13 in Spellcasting
 13365 | Lair:2   | Noticed a griffon
 13371 | Lair:2   | Killed a griffon
 13787 | Lair:1   | Learned a level 5 spell: Iskenderun's Battlesphere
 13951 | Lair:2   | Acquired Vehumet's third power
 13951 | Lair:2   | Reached skill level 1 in Throwing
 13951 | Lair:2   | Reached skill level 14 in Spellcasting
 14015 | Lair:2   | Offered knowledge of Fireball by Vehumet.
 14284 | Lair:2   | Reached XP level 11. HP: 55/55 MP: 22/35
 14541 | Lair:2   | Reached skill level 1 in Translocations
 14756 | Lair:2   | Reached skill level 1 in Fighting
 14756 | Lair:2   | Reached skill level 15 in Spellcasting
 15880 | Lair:3   | Noticed a five-headed hydra
 15889 | Lair:3   | Killed a five-headed hydra
 16208 | Lair:3   | Offered knowledge of Iron Shot by Vehumet.
 16256 | Lair:3   | Learned a level 6 spell: Iron Shot
 16532 | Lair:3   | Found a staircase to the Snake Pit.
 16540 | Lair:3   | Reached skill level 16 in Spellcasting
 17294 | Lair:4   | Reached XP level 12. HP: 60/60 MP: 30/37
 17965 | Lair:4   | Reached skill level 15 in Conjurations
 18107 | Lair:4   | Reached skill level 17 in Spellcasting
 18109 | Lair:4   | Reached skill level 5 in Stealth
 18476 | Lair:4   | Reached skill level 1 in Charms
 19104 | Lair:5   | Noticed an eight-headed hydra
 19107 | Lair:5   | Killed an eight-headed hydra
 19891 | Lair:5   | Reached skill level 18 in Spellcasting
 20504 | Lair:6   | Reached skill level 1 in Earth Magic
 20694 | Lair:6   | Reached XP level 13. HP: 64/64 MP: 25/39
 20782 | Lair:6   | Noticed Snorg
 21327 | Lair:6   | Found a staircase to the Slime Pits.
 21372 | Lair:6   | Killed Snorg
 21901 | Lair:7   | Offered knowledge of Bolt of Draining by Vehumet.
 22587 | Lair:7   | Reached skill level 19 in Spellcasting
 23092 | Lair:7   | Reached skill level 5 in Dodging
 23427 | Lair:7   | Learned a level 6 spell: Freezing Cloud
 23482 | Lair:7   | Reached skill level 1 in Air Magic
 23689 | Lair:7   | Noticed Fannar
 23700 | Lair:7   | Killed Fannar
 24436 | Lair:8   | Entered Level 8 of the Lair of Beasts
 24744 | Lair:8   | Reached XP level 14. HP: 70/70 MP: 31/41
 24988 | Lair:8   | Reached skill level 20 in Spellcasting
 25063 | Lair:8   | Offered knowledge of Lee's Rapid Deconstruction by Vehumet.
 25070 | Lair:8   | Learned a level 5 spell: Lee's Rapid Deconstruction
 26233 | Lair:8   | Reached skill level 1 in Ice Magic
 26985 | D:10     | Entered Level 10 of the Dungeon
 27174 | D:10     | Found a corrupted altar of Lugonu.
 27738 | D:10     | Noticed Gastronok
 27751 | D:10     | Killed Gastronok
 27751 | D:10     | Reached skill level 21 in Spellcasting
 28380 | D:11     | Noticed MBison's ghost (experienced HOFi)
 28385 | D:11     | Killed MBison's ghost
 28735 | D:11     | Noticed Erica
 28739 | D:11     | Killed Erica
 28739 | D:11     | Reached skill level 5 in Earth Magic
 28935 | D:11     | Noticed Harold
 28947 | D:11     | Killed Harold
 29168 | D:11     | Noticed Psyche
 29169 | D:11     | Killed Psyche
 29535 | D:12     | Found Isan's Magic Scroll Shoppe.
 29543 | D:12     | Bought a scroll of enchant weapon for 97 gold pieces
 29543 | D:12     | Bought a scroll of magic mapping for 45 gold pieces
 29543 | D:12     | Bought a scroll of identify for 26 gold pieces
 29543 | D:12     | Bought a scroll of identify for 26 gold pieces
 29543 | D:12     | Bought a scroll of amnesia for 45 gold pieces
 29937 | D:12     | Offered knowledge of Conjure Ball Lightning by Vehumet.
 30147 | D:13     | Noticed Sonja
 30147 | D:13     | Killed Sonja
 31068 | D:13     | Reached XP level 15. HP: 74/74 MP: 34/42
 32045 | D:14     | Found a gate to the Vaults.
 32302 | D:14     | Gained mutation: You are agile. (Dex +2) [potion of beneficial mutation]
 32303 | D:14     | Gained mutation: You are somewhat resistant to further mutation. [potion of beneficial mutation]
 33248 | D:15     | Entered Level 15 of the Dungeon
 33499 | D:15     | Noticed Urug
 33504 | D:15     | Killed Urug
 33757 | D:15     | Found a staircase to the Depths.
 33774 | D:15     | Offered knowledge of Delayed Fireball by Vehumet.
 33774 | D:15     | Reached skill level 22 in Spellcasting
 35581 | D:15     | Identified 2 scrolls of acquirement
 35944 | Orc:1    | Entered Level 1 of the Orcish Mines
 36532 | Orc:1    | Offered knowledge of Poison Arrow by Vehumet.
 37704 | Orc:3    | Offered knowledge of Poisonous Cloud by Vehumet.
 38156 | Orc:4    | Entered Level 4 of the Orcish Mines
 38180 | Orc:4    | Found Vuoklurch's Antique Armour Shoppe.
 38184 | Orc:4    | Found Qaxzavuin's Antique Weapon Shop.
 38185 | Orc:4    | Found Traepe's Armour Boutique.
 38277 | Orc:4    | Bought a +0 cloak of magic resistance for 172 gold pieces
 38317 | Orc:4    | Bought a pair of embroidered gloves for 81 gold pieces
 38355 | Orc:4    | Found Khegh's Assorted Antiques.
 38733 | Orc:4    | Found Frino Heiss' General Store.
 38733 | Orc:4    | Found Zeop's Gadget Emporium.
 38734 | Orc:4    | Found Vigegev's General Store.
 38734 | Orc:4    | Found Zoqom's Gadget Shop.
 38865 | Orc:4    | Bought a potion of curing for 28 gold pieces
 39023 | Orc:4    | Offered knowledge of Lehudib's Crystal Spear by Vehumet.
 39023 | Orc:4    | Offered knowledge of Glaciate by Vehumet.
 39023 | Orc:4    | Offered knowledge of Tornado by Vehumet.
 39344 | Orc:4    | Found a staircase to the Elven Halls.
 39478 | Lair:1   | Killed an oklob plant
 39953 | Lair:4   | Found a staircase to the Swamp.
 40340 | Elf:1    | Entered Level 1 of the Elven Halls
 40822 | Depths:1 | Entered Level 1 of the Depths
 40825 | Depths:1 | Reached XP level 16. HP: 78/80 MP: 35/43
 40959 | Depths:1 | Found a gateway to a ziggurat.
 41023 | Depths:1 | Found a gateway to Hell.
 41206 | Depths:1 | HP: 2/81 [deep troll earth mage/blast of rock fragments (32)]
 41206 | Depths:1 | Killed from afar by a rakshasa (illusionary)

Action                   |  1- 3 |  4- 6 |  7- 9 | 10-12 | 13-15 | 16-18 || total
-------------------------+-------+-------+-------+-------+-------+-------++-------
Melee: Staff             |       |       |       |       |     1 |       ||     1
 Fire: Blowgun           |       |       |       |    15 |     5 |       ||    20
 Cast: Magic Dart        |    69 |   129 |   119 |   109 |   202 |       ||   628
       Iskenderun's Myst |       |    24 |   155 |   280 |   223 |     5 ||   687
       Blink             |       |       |       |    12 |     4 |       ||    16
       Iskenderun's Batt |       |       |       |    26 |    48 |       ||    74
       Apportation       |       |       |       |     1 |    13 |       ||    14
       Iron Shot         |       |       |       |    28 |   314 |    12 ||   354
       Freezing Cloud    |       |       |       |       |   111 |     6 ||   117
       Lee's Rapid Decon |       |       |       |       |     1 |     2 ||     3
Evoke: Wand              |       |       |       |     4 |     3 |       ||     7
  Use: Scroll            |     4 |     1 |    10 |     9 |    15 |       ||    39
       Potion            |     1 |       |       |     5 |     3 |       ||     9
  Eat: Chunk             |     3 |    13 |    24 |    23 |    56 |     2 ||   121
       Beef jerky        |       |       |       |     5 |     6 |       ||    11
